 Dungeon Crawl Stone Soup version 0.28.0-43-g3370ac3207 (webtiles) character file.

Game seed: 16660654002013853830

28 jimonade the Ogre Mage (level 3, -5/33 HPs)
             Began as an Ogre Hedge Wizard on Mar 12, 2022.
             Slain by a worm (8 damage)
             ... on level 2 of the Dungeon.
             The game lasted 00:05:38 (1568 turns).

jimonade the Ogre Mage (Ogre Hedge Wizard)          Turns: 1568, Time: 00:05:39

Health: -5/33      AC:  3    Str: 14    XL:     3   Next: 12%
Magic:  1/8        EV:  9    Int: 17    God:
Gold:   38         SH:  0    Dex:  8    Spells: 9/10 levels left

rFire   . . .      SeeInvis .   e - +0 short sword
rCold   . . .      Faith    .   (no shield)
rNeg    . . .      Spirit   .   b - +0 robe
rPois   .          Reflect  .   c - +0 hat
rElec   .          Harm     .   (no cloak)
rCorr   .          Rampage  .   (gloves unavailable)
Will    .....                   (boots unavailable)
Stlth   +.........              (no amulet)
HPRegen 0.11/turn               (no ring)
MPRegen 0.11/turn               (no ring)

@: no status effects
A: large, unfitting armour, tough skin 1
a: no special abilities


You were on level 2 of the Dungeon.
You visited 1 branch of the dungeon, and saw 2 of its levels.

You collected 38 gold pieces.

Inventory:

Hand Weapons
 a - a +0 dagger
 e - a +0 short sword (weapon)
Missiles
 d - 3 boomerangs
 g - 45 stones
Armour
 b - a +0 robe (worn)
 c - a +0 hat (worn)
 k - a +0 chain mail
Jewellery
 n - an amulet of reflection
Scrolls
 h - a scroll of identify {unknown}
 j - a scroll of fear {unknown}
 l - a scroll of enchant armour {unknown}
 m - a scroll of vulnerability {unknown}
Potions
 f - a potion of curing {unknown}
 i - a potion of brilliance {unknown}
 o - a potion of flight {unknown}


   Skills:
 * Level 1.0 Fighting
 * Level 0.9 Throwing
 * Level 0.1 Armour
 - Level 1.7 Dodging
 - Level 1.4 Stealth
 * Level 4.4 Spellcasting
 - Level 0.8 Conjurations
 * Level 1.0 Summonings
 - Level 0.8 Translocations


You had 9 spell levels left.
You knew the following spells:

 Your Spells              Type           Power      Damage    Failure   Level
a - Magic Dart            Conj           24%        1d4       11%         1

Your spell library contained the following spells:

 Spells                   Type           Power      Damage    Failure   Level
 Slow                     Hex            12%        N/A       16%         1
 Blink                    Tloc           12%        N/A       16%         2
 Call Imp                 Summ           7%         N/A       16%         2
 Gell's Gravitas          Tloc           6%         N/A       32%         3
 Lesser Beckoning         Tloc           6%         N/A       32%         3
 Teleport Other           Tloc           6%         N/A       32%         3
 Conjure Flame            Conj/Fire      5%         6-21      36%         3
 Mephitic Cloud           Conj/Pois/Air  4%         N/A       38%         3


Dungeon Overview and Level Annotations

Branches:
Dungeon (2/15)

Altars:


Innate Abilities, Weirdness & Mutations

You are too large for most types of armour.
You have tough skin. (AC +1)


Message History

You miscast Magic Dart.
You are very lightly contaminated with residual magic.
Nothing appears to happen.
A worm is nearby!
Aiming: Magic Dart (safe; 11% risk of failure)
Press: ? - help, Q - select action, (/) - cycle Shift-Dir - straight line, f/p - worm
Aim: a worm (lightly wounded, 100% to hit)
The magic dart hits the worm.
The worm is moderately wounded.
Aiming: Magic Dart (safe; 11% risk of failure)
Press: ? - help, Q - select action, (/) - cycle Shift-Dir - straight line, f/p - worm
Aim: a worm (lightly wounded, 100% to hit)
The magic dart hits the worm.
The worm is moderately wounded.
Your magical contamination has completely faded away.
You don't have enough magic to cast this spell.
Unknown command.
You hit the worm.
The worm is moderately wounded.
You hit the worm but do no damage.
The worm is moderately wounded.
The worm bites you!
You hit the worm.
The worm is heavily wounded.
The worm bites you!
You hit the worm.
The worm is heavily wounded.
You hit the worm.
The worm is severely wounded.
The worm bites you!
* * * LOW HITPOINT WARNING * * *
You completely miss the worm.
The worm is heavily wounded.
The worm bites you but does no damage.
You hit the worm but do no damage.
The worm is heavily wounded.
You barely miss the worm.
The worm is heavily wounded.
The worm bites you!
You die...

#.# ####8.8## ##8.8#.... #.#
#..##.## ##'####.# #####.#
#.##...## #.# #.# #.....#
#.#.....# #.# ##+# #.##..#
#.#.###.# #.###... #.....# #.#.#
#.## #....... . #....##
#.#.###..## ###.....
..###....#####.#..†....####......
..'............w@.........'......
..####...#########.#...####......
. ##..# #.##.## ##..... ##.#
#.#### ##.... #.# #....# ##...
#.# ####.# ##'# #.# #.# #.# #.#
#.# #†# #.# ##.#


You could see a worm.

Vanquished Creatures
  A dart slug (D:1)
  4 endoplasms
  A giant cockroach (D:1)
  3 hobgoblins (D:2)
  2 quokkas (D:1)
  A ball python (D:1)
  A bat (D:1)
  2 frilled lizards
  4 kobolds
  5 rats
24 creatures vanquished.

Notes
Turn   | Place    | Note
-------+----------+-------------------------------------------
     0 | D:1      | jimonade the Ogre Hedge Wizard began the quest for the Orb.
     0 | D:1      | Reached XP level 1. HP: 16/16 MP: 5/5
   368 | D:1      | Reached skill level 1 in Summonings
   403 | D:1      | Reached skill level 4 in Spellcasting
   403 | D:1      | Reached XP level 2. HP: 24/24 MP: 1/7
   797 | D:1      | Found a faded altar of an unknown god.
  1296 | D:2      | Reached skill level 1 in Fighting
  1296 | D:2      | Reached XP level 3. HP: 33/33 MP: 6/8
  1568 | D:2      | Slain by a worm

Illustrated notes

Levels and vault maps discovered:
D:1:      dpeg_arrival_orchard, layout_basic,
          hellmonk_ecumenical_altar_leap_of_faith
D:2:      layout_loops_corners, grunt_ministairs_8, uniq_crazy_yiuf_cottage

Skill      XL: |  1  2 |
---------------+-------+-----
Summonings     | 1 |  1.0
Spellcasting   | 4 |  4.4
Fighting       | 1 |  1.0
Throwing       | |  0.9
Armour         | |  0.1
Dodging        | |  1.7
Stealth        | |  1.4
Conjurations   | |  0.8
Translocations | |  0.8

Action                   || total
-------------------------++-------
Melee: Dagger            ||    12
       Short sword       ||    11
 Cast: Magic Dart        ||    62
Armor: Robe              ||    11
Dodge: Dodged            ||     6
